 Dungeon Crawl Stone Soup version 0.29.1-12-g30fa7ad0bf (webtiles) character file.

Game seed: 4115723291819780866

2384 devnull the Fighter (level 9, 0/82 HPs)
             Began as a Ghoul Gladiator on Dec 19, 2022.
             Was a Follower of Okawaru.
             Slain by a wight
             ... wielding a +0 long sword
              (2 damage)
             ... on level 5 of the Dungeon.
             The game lasted 00:21:13 (7482 turns).

devnull the Fighter (Ghoul Gladiator)               Turns: 7482, Time: 00:21:14

Health: 0/82       AC: 13    Str: 20      XL:     9   Next: 45%
Magic:  8/8        EV:  3    Int:  5      God:    Okawaru [*.....]
Gold:   315        SH:  9    Dex:  9 (10) Spells: 8/8 levels left

rFire   + . .      SeeInvis .   H - +0 whip (vamp)
rCold   + + +      Faith    .   r - +0 tower shield
rNeg    + + +      Spirit   .   x - +1 chain mail {Will+}
rPois   ∞          Reflect  .   c - +0 helmet
rElec   +          Harm     .   (no cloak)
rCorr   +          Rampage  .   y - +0 pair of gloves
Will    +....                   (no boots)
Stlth   ..........              (no amulet)
HPRegen 0.00/turn               B - ring of protection from cold
MPRegen 0.11/turn               (no ring)

@: resistant, inhibited regen
A: claws 1, cold resistance 1, negative energy resistance 3, inhibited
regeneration, torment resistance 2, devour on kill
a: Renounce Religion, Heroism


You were on level 5 of the Dungeon.
You worshipped Okawaru.
Okawaru was aware of your devotion.
You visited 2 branches of the dungeon, and saw 7 of its levels.

You collected 315 gold pieces.

Inventory:

Hand Weapons
 a - a +0 war axe
 d - a +2 whip of electrocution
 f - a +0 whip of freezing
 n - a +4 flail
 F - a +4 whip
 H - a +0 vampiric whip (weapon)
Missiles
 e - a javelin (quivered)
 s - a throwing net
Armour
 b - a +0 leather armour
 c - a +0 helmet (worn)
 r - a +0 tower shield (worn)
 x - a +1 chain mail of willpower (worn)
 y - a +0 pair of gloves (worn)
Jewellery
 B - a ring of protection from cold (left hand)
 D - a ring of magical power
Scrolls
 g - a scroll of immolation
 h - 2 scrolls of noise
 i - 2 scrolls of fog {unknown}
 j - 2 scrolls of vulnerability
 k - 2 scrolls of magic mapping
 q - 3 scrolls of teleportation
 u - a scroll of acquirement {unknown}
 A - a scroll of fear
 G - a scroll of amnesia {unknown}
Potions
 l - 2 potions of resistance
 m - a potion of attraction {unknown}
 o - a potion of mutation
 p - a potion of haste {unknown}
 t - a potion of invisibility {unknown}
 v - a potion of cancellation {unknown}
 z - 2 potions of berserk rage
 E - a potion of heal wounds {unknown}


   Skills:
 + Level 8.8 Fighting
 + Level 7.7 Axes
 - Level 1.7 Throwing
 + Level 4.9 Armour
 - Level 2.6 Dodging


You had 8 spell levels left.
You didn't know any spells.
Your spell library contained the following spells:

 Spells                   Type           Power      Damage    Failure   Level
 Foxfire                  Conj/Fire      0%         2x1d4     100%        1
 Static Discharge         Conj/Air       0%         3-3/arc   100%        2
 Conjure Flame            Conj/Fire      0%         6-21      100%        3
 Frozen Ramparts          Ice            0%         1d1       100%        3
 Inner Flame              Hex/Fire       0%         N/A       100%        3
 Dispel Undead            Necr           0%         3d6       100%        4
 Flame Wave               Conj/Fire      0%         2d4       100%        4
 Sticky Flame             Conj/Fire      0%         2d3       100%        4
 Fireball                 Conj/Fire      0%         3d3       100%        5
 Iskenderun's Battlesphe  Conj           0%         2d6       100%        5
 Conjure Ball Lightning   Conj/Air       0%         3x3d6     100%        6
 Orb of Destruction       Conj           0%         9d5       100%        7
 Maxwell's Capacitive Co  Air            0%         ∞         100%        8
 Ice Form                 Ice/Tmut       Unusable   N/A       N/A         4
 Summon Ice Beast         Ice/Summ       Unusable   N/A       N/A         4
 Summon Lightning Spire   Summ/Air       Unusable   N/A       N/A         4
 Storm Form               Tmut/Air       Unusable   N/A       N/A         7

Dungeon Overview and Level Annotations

Branches:
Dungeon (6/15)             Temple (1/1) D:5

Altars:
Ashenzari
Dithmenos
Fedhas
Gozag
Hepliaklqana
Makhleb
Okawaru
Qazlal
Sif Muna
Xom


Innate Abilities, Weirdness & Mutations

You are immune to poison.
You have sharp fingernails.
Your flesh is cold resistant. (rC+)
You are immune to negative energy. (rN+++)
You do not regenerate when monsters are visible.
You are immune to unholy pain and torment.
You thrive by killing the living.


Message History

Unknown command.
Unknown command.
Okay, then.
Unknown command.
Aiming: Throw Flame
Press: ? - help, Shift-Dir - straight line, f - wight
Aim: a wight, wielding a +0 long sword and wearing a +0 ring mail (heavily damaged, 72% to hit)
The puff of flame hits the wight.
The wight is severely damaged.
You block the wight's attack.
Aiming: Throw Flame
Press: ? - help, Shift-Dir - straight line, f/p - wight
Aim: a wight, wielding a +0 long sword and wearing a +0 ring mail (severely damaged, 72% to hit)
The puff of flame hits the wight.
The wight is almost destroyed.
The wight hits you but does no damage.
Aiming: Throw Flame
Press: ? - help, Shift-Dir - straight line, f/p - wight
Aim: a wight, wielding a +0 long sword and wearing a +0 ring mail (severely damaged, 72% to hit)
The puff of flame hits the wight but does no damage.
The wight is severely damaged.
The wight hits you but does no damage.
Aiming: Throw Flame
Press: ? - help, Shift-Dir - straight line, f/p - wight
Aim: a wight, wielding a +0 long sword and wearing a +0 ring mail (severely damaged, 72% to hit)
The puff of flame hits the wight.
The wight is almost destroyed.
The now-empty wand crumbles to dust.
The wight hits you with a +0 long sword.
* * * LOW HITPOINT WARNING * * *
Okay, then.
Unknown command.
It was a potion of resistance.
You feel protected. You block the wight's attack.
It was a potion of mutation.
You feel extremely strange.
Your body decomposes!
You feel clumsy.
The wight hits you with a +0 long sword.
You die...

######### #........
#.####### #.#######
#.......[ #.####.##
#################.# #.#
#......z@[..>)....####.##
#.##.#####.###..(.......#
#.##.# #.# #.##.####..#
#.##.# #.# #.##.# #..#
#.##.# #.# #.##.# #..#
#.##.# #.# #.##.####..#
#.##.# #.# #.##........
#.##.# #.# #)#######...
#.##.# #.# #.# ##...


You could see a wight.

Vanquished Creatures
  Pikel (D:4)
  Grinder (D:4)
  Sigmund (D:4)
  Menkaure (D:4)
  2 water moccasins
  An ice beast (D:5)
  An orc warrior (D:5)
  A black bear (D:5)
  2 centaurs
  A phantom (D:5)
  A bullfrog (D:5)
  2 scorpions (D:5)
  A necrophage (D:4)
  2 howler monkeys (D:5)
  A jelly (D:5)
  2 orc priests
  3 iguanas
  3 orc wizards
  Robin (D:4)
  3 gnolls (D:5)
  An adder (D:5)
  A white imp (D:5)
  2 ufetubi
  A worm (D:3)
  3 dart slugs
  8 orcs
  3 ball pythons
  9 endoplasms
  5 giant cockroaches
  18 goblins
  12 hobgoblins
  8 jackals
  6 kobolds
  6 quokkas
  2 bats
  3 frilled lizards (D:1)
  4 rats
123 creatures vanquished.

Notes
Turn   | Place    | Note
-------+----------+-------------------------------------------
     0 | D:1      | devnull the Ghoul Gladiator began the quest for the Orb.
     0 | D:1      | Reached XP level 1. HP: 17/17 MP: 0/0
   105 | D:1      | Reached XP level 2. HP: 25/25 MP: 1/1
   288 | D:1      | Found a faded altar of an unknown god.
   488 | D:1      | Reached skill level 3 in Fighting
   658 | D:1      | Reached XP level 3. HP: 31/31 MP: 2/2
  1586 | D:2      | Reached XP level 4. HP: 26/38 MP: 3/3
  2010 | D:2      | Reached skill level 4 in Fighting
  2663 | D:4      | Reached XP level 5. HP: 46/46 MP: 4/4
  2883 | D:4      | Reached XP level 6. HP: 43/55 MP: 5/5
  2901 | D:4      | Reached skill level 5 in Fighting
  2990 | D:4      | Noticed Grinder
  3002 | D:4      | Paralysed by Grinder for 5 turns
  3015 | D:4      | Killed Grinder
  3016 | D:4      | Reached skill level 5 in Axes
  3265 | D:4      | Noticed Sigmund
  3269 | D:4      | Killed Sigmund
  3270 | D:4      | Reached skill level 6 in Fighting
  3270 | D:4      | Reached XP level 7. HP: 63/63 MP: 6/6
  3375 | D:4      | Noticed Pikel
  3440 | D:4      | Killed Pikel
  3441 | D:4      | Reached skill level 7 in Fighting
  3441 | D:4      | Reached XP level 8. HP: 14/73 MP: 7/7
  3737 | D:5      | Entered Level 5 of the Dungeon
  3907 | D:4      | Noticed Menkaure
  3912 | D:4      | Killed Menkaure
  4166 | D:4      | Noticed Robin
  4179 | D:4      | Killed Robin
  4566 | D:5      | Found a staircase to the Ecumenical Temple.
  4609 | Temple   | Entered the Ecumenical Temple
  4918 | Temple   | Became a worshipper of Warmaster Okawaru
  4973 | D:5      | Reached skill level 8 in Fighting
  4975 | D:5      | Reached XP level 9. HP: 77/81 MP: 8/8
  6280 | D:5      | Found a staircase to the Ecumenical Temple.
  6876 | D:5      | Reached * piety under Okawaru
  7480 | D:5      | HP: 2/82 [wight/+0 long sword (6)]
  7482 | D:5      | Slain by a wight

Illustrated notes

Levels and vault maps discovered:
D:1:      kilobyte_arrival_exit_the_forest, layout_loops_corners,
          basic_ecumenical_altar, minmay_close_crescents
D:2:      layout_rooms
D:3:      layout_basic
D:4:      layout_loops_ring, kennysheep_dice, uniq_grinder, uniq_pikel,
          uniq_robin, uniq_menkaure, uniq_sigmund
D:5:      layout_loops_ring, minmay_temple_entry_ruins
D:6:      layout_rooms, old_standard_altar, jmf_multi_god_temple2,
          sword_in_stone
Temple:   nicolae_temple_ecumenical_triangle

Skill      XL: |  1  2  3  4  5  6  7  8 |
---------------+-------------------------+-----
Axes           | 3 4 5 6 7 |  7.7
Fighting       | 3 4 6 7 8 |  8.8
Armour         | 2 4 |  4.9
Throwing       | |  1.7
Dodging        | |  2.6

Action                   |  1- 3 |  4- 6 |  7- 9 || total
-------------------------+-------+-------+-------++-------
Melee: War axe           |    61 |       |       ||    61
       Punch             |     1 |       |       ||     1
       Flail             |    54 |    90 |   223 ||   367
       Whip              |       |       |     1 ||     1
Throw: Throwing net      |       |       |     3 ||     3
Evoke: Wand              |       |    10 |    13 ||    23
  Use: Scroll            |     3 |     2 |     3 ||     8
       Potion            |       |       |     6 ||     6
Armor: Leather armour    |    49 |     9 |       ||    58
       Chain mail        |       |    45 |   206 ||   251
Dodge: Dodged            |    84 |    18 |    45 ||   147
Block: Tower shield      |    31 |    48 |   193 ||   272
